AoeStats
← issaLIONEL

Nomad

513650714Analyzed
4v4 RM · 3d ago on Oct 14, 2026· 35m 20s· 8 players
Game mode
Random Map
Map size
231×231
Population
200
Speed
Normal
Resources
Standard
Victory
Conquest
Starting age
Dark Age
Ending age
Imperial Age
RankedLock teamsTeams togetherTeam positionsShared explorationLock speedFull tech treeHidden civsTurbo modeCheats
Victory
Defeat
🇦🇷 Tupi · Argentina
1463
+8
🇦🇷 Celts · Argentina
1246
+16
🇺🇸 Saxons · United States
1242
+16
🇦🇷 Persians · Argentina
1168
+18
vs
🇨🇭 Italians · Switzerland
1274
-16
🇳🇱 Franks · Netherlands
1262
-15
🇮🇹 Persians · Italy
1236
-14
🇲🇽 Berbers · Mexico
1214
-13
issaLIONEL
4:55 Loom
12:52 Feudal Age
16:56 Castle Age
14:59 Double-Bit Axe
15:31 Fishing Lines
18:18 Bow Saw
19:03 Stone Mining
22:52 Squires
22:41 Arson
23:21 Town Watch
24:50 Horse Collar
26:34 Scale Mail Armor
26:44 Forging
26:58 Squires
27:58 Chain Mail Armor
31:43 Iron Casting
36:42 Imperial Age
Maikel´s
3:31 Loom
13:19 Feudal Age
23:31 Castle Age
24:12 Medium Warships
26:19 Light Cavalry
27:00 Husbandry
27:50 Double-Bit Axe
31:22 Bloodlines
31:13 Gold Mining
31:13 Stone Mining
33:07 Horse Collar
33:56 Fishing Lines
Concensus
4:40 Loom
17:24 Feudal Age
17:57 Man-at-Arms
21:23 Castle Age
25:13 Scale Mail Armor
27:24 Double-Bit Axe
jj
5:40 Loom
15:03 Feudal Age
19:00 Castle Age
17:30 Fletching
18:29 Double-Bit Axe
23:39 Bodkin Arrow
29:27 Town Watch
30:17 Wheelbarrow
32:10 Ballistics
31:54 Padded Archer Armor
Reventador
4:36 Loom
14:48 Feudal Age
16:03 Wheelbarrow
15:15 Double-Bit Axe
21:52 Castle Age
21:31 Fishing Lines
22:47 Medium Warships
22:51 Bow Saw
24:28 Fletching
26:29 Horse Collar
30:15 Bodkin Arrow
33:32 Padded Archer Armor
time0wner
3:17 Loom
14:48 Feudal Age
19:33 Castle Age
Boar to Death
6:45 Loom
12:44 Feudal Age
15:41 Double-Bit Axe
16:05 Scale Barding Armor
18:16 Castle Age
19:27 Chain Barding Armor
19:21 Bow Saw
21:16 Wheelbarrow
qeert67
10:09 Loom
13:33 Feudal Age
18:00 Castle Age
17:13 Double-Bit Axe
17:10 Horse Collar
17:39 Fletching
17:45 Stone Mining
19:37 Bodkin Arrow
19:44 Padded Archer Armor
20:53 Bow Saw
21:13 Town Watch
21:36 Heavy Plow
29:58 Ballistics
33:28 Treadmill Crane
Connection lost

Rejoining the realm…

Still unreachable

The connection could not be restored.

Session expired

The server has moved on; the page needs a fresh start.